 Dungeon Crawl Stone Soup version 0.22-a0-810-g93d1441 (webtiles) character file.

31 suicidejoker the Skirmisher (level 3, -3/24 HPs)
             Began as a Gargoyle Fighter on July 23, 2018.
             Slain by Sigmund
             ... wielding a +0 scythe
              (7 damage)
             ... on level 2 of the Dungeon.
             The game lasted 00:03:25 (1241 turns).

suicidejoker the Skirmisher (Gargoyle Fighter)      Turns: 1241, Time: 00:03:25

Health: -3/24      AC: 11    Str: 24    XL:     3   Next: 22%
Magic:  3/3        EV:  7    Int:  8    God:
Gold:   35         SH:  9    Dex: 10    Spells: 2/2 levels left

rFire    . . .     SeeInvis .   a - +1 long sword
rCold    . . .     Gourm    .   c - +0 shield
rNeg     + . .     Faith    .   b - +0 scale mail
rPois    ∞         Spirit   .   (no helmet)
rElec    +         Reflect  .   i - +0 cloak
rCorr    .         Harm     .   (no gloves)
MR       .....                  (no boots)
Stlth    ..........             (no amulet)
HPRegen  0.08/turn              (no ring)
MPRegen  0.08/turn              (no ring)

@: mighty
A: negative energy resistance 1, electricity resistance, unbreathing,
petrification resistance, rot immunity, AC +3
a: no special abilities


You were on level 2 of the Dungeon.
You were not hungry.

You visited 1 branch of the dungeon, and saw 2 of its levels.

You collected 35 gold pieces.

Inventory:

Hand Weapons
 a - a +1 long sword (weapon)
Armour
 b - a +0 scale mail (worn)
 c - a +0 shield (worn)
 i - a +0 cloak (worn)
Comestibles
 f - 3 rations


   Skills:
 + Level 4.0 Fighting
 + Level 2.6 Long Blades
 - Level 3.2 Armour
 - Level 3.2 Shields


You had 2 spell levels left.
You didn't know any spells.
Your spell library was empty.

Dungeon Overview and Level Annotations

Branches:
Dungeon (2/15)

Altars:

Annotations:
D:2 Sigmund


Innate Abilities, Weirdness & Mutations

You are resistant to torment.
Your stone body is resilient. (AC +3)
You are immune to poison.
You resist negative energy. (rN+)
You are resistant to electric shocks. (rElec)
You can survive without breathing.
You are immune to petrification.
You are immune to rotting.


Message History

You closely miss something. Something hits you but does no damage.
You closely miss something.
You hear some strange, mumbled words.
Something tries to affect you, but you resist.
You barely miss something. Something hits you.
* * * LOW HITPOINT WARNING * * *
You aren't carrying any potions.
You aren't carrying any scrolls.
You slash something! Something hits you but does no damage.
You barely miss something.
You hear some strange, mumbled words.
A puff of flame appears from out of thin air!
The puff of flame hits you!
You closely miss something.
You hear some strange, mumbled words.
Something tries to affect you, but you resist.
Something hits you but does no damage.
Your shield and scale mail prevent you from hitting something.
Something hits you!
You die...

......†......#
############.#
<............#
....########## ########
.............###......##
......÷##...............
.......##.............#
'########........{....#
.# #.......@.....# .#
####'###......# .# #.#
#......# .# #.# ########
## #.# #.# ... ... ...


There were no monsters in sight!

Vanquished Creatures
  An adder (D:2)
  A leopard gecko (D:1)
  4 bats
  3 goblins (D:1)
  2 hobgoblins (D:1)
  A ball python (D:1)
  3 kobolds (D:1)
  6 rats (D:1)
21 creatures vanquished.

Notes
Turn   | Place    | Note
-------+----------+-------------------------------------------
     0 | D:1      | suicidejoker the Gargoyle Fighter began the quest for the Orb.
     0 | D:1      | Reached XP level 1. HP: 14/14 MP: 1/1
    51 | D:1      | Reached XP level 2. HP: 14/19 MP: 2/2
  1143 | D:2      | Reached skill level 4 in Fighting
  1143 | D:2      | Reached XP level 3. HP: 22/24 MP: 3/3
  1210 | D:2      | Noticed Sigmund
  1241 | D:2      | Slain by Sigmund

Vault maps used:
D:1:      lemuel_arrival_room, serial_forest, infiniplex_forest_end_2,
          infiniplex_forest_diagonal, infiniplex_forest_clump_curved,
          infiniplex_forest_clump_medium, infiniplex_forest_side_room
D:2:      kennysheep_six_static_rooms, hex_tiny, serial_bayou_lagoon_b,
          uniq_sigmund

Skill      XL: |  1  2 |
---------------+-------+-----
Long Blades    | 2 |  2.6
Fighting       | 4 |  4.0
Armour         | |  3.2
Shields        | |  3.2

Action                   || total
-------------------------++-------
Melee: Long sword        ||    98
  Use: Scroll            ||     4
       Potion            ||     3
  Eat: Chunk             ||     1
Armor: Scale mail        ||    54
Dodge: Dodged            ||    19
Block: Shield            ||    47
       Rpst.: Long sword ||     8

Table legend:
 A = Spawn XP
 B = Non-spawn XP
 C = Spawn XP percentage of total XP
 D = Spawn monster count
 E = Non-spawn monster count
 F = Spawn count percentage of total count
 G = Total turns spent on level
                    A         B        C        D         E        F      G
               +---------+---------+-------+---------+---------+-------+---------
         Total |       0 |      45 |   0.0 |       0 |      21 |   0.0 |  1241
               +---------+---------+-------+---------+---------+-------+---------
           D:1 |       0 |      28 |   0.0 |       0 |      18 |   0.0 |  1134
           D:2 |       0 |      17 |   0.0 |       0 |       3 |   0.0 |   107
               +---------+---------+-------+---------+---------+-------+---------
